 Dungeon Crawl Stone Soup version 0.21.1-1-g345015fe64 (webtiles) character file.

19207 Kejsarherre the Cleaver (level 12, -10/109 HPs)
             Began as a Deep Dwarf Fighter on May 13, 2018.
             Was a High Priest of Makhleb.
             Killed from afar by an ice dragon (39 damage)
             ... with a blast of cold
             ... on level 12 of the Dungeon.
             The game lasted 00:23:15 (9615 turns).

Kejsarherre the Cleaver (Deep Dwarf Fighter)        Turns: 9615, Time: 00:23:15

Health: -10/109    AC: 17    Str: 26    XL:     12   Next: 34%
Magic:  9/9        EV: 11    Int:  8    God:    Makhleb [*****.]
Gold:   877        SH:  0    Dex: 12    Spells: 11/11 levels left

rFire    + . .     SeeInvis .   G - +0 battleaxe
rCold    . . .     Gourm    .   (shield currently unavailable)
rNeg     . . .     Faith    +   J - +0 plate armour
rPois    .         Spirit   .   e - +2 hat
rElec    .         Reflect  .   (no cloak)
rCorr    .         Harm     .   (no gloves)
MR       +....                  j - +0 pair of boots
Stlth    ..........             B - amulet of faith
HPRegen  0.00/turn              (no ring)
MPRegen  0.11/turn              r - ring of protection from fire

@: non-regenerating
A: damage resistance, heal wounds, sense surroundings 2, no regeneration
a: Heal Wounds, Minor Destruction, Lesser Servant of Makhleb, Major Destruction,
Greater Servant of Makhleb, Renounce Religion


You were on level 12 of the Dungeon.
You worshipped Makhleb.
Makhleb was extremely pleased with you.
You were not hungry.

You visited 2 branches of the dungeon, and saw 13 of its levels.
You also visited: Ossuary.

You collected 877 gold pieces.

Inventory:

Hand Weapons
 G - a +0 battleaxe (weapon)
Armour
 e - a +2 hat (worn)
 j - a +0 pair of boots (worn)
 J - a +0 plate armour (worn)
Jewellery
 r - a ring of protection from fire (right hand)
 w - a +5 amulet of reflection
 B - an amulet of faith (around neck)
 D - an uncursed ring of stealth
Wands
 m - a wand of polymorph (32)
 s - a wand of iceblast (1)
 v - a wand of random effects (70)
 F - a wand of flame (37)
 H - a wand of disintegration (17)
Scrolls
 c - 10 scrolls of teleportation
 i - 5 scrolls of enchant weapon
 n - 3 scrolls of remove curse
 t - 4 scrolls of magic mapping
 u - 8 scrolls of enchant armour
 y - a scroll of identify
 z - a scroll of fear
 C - a scroll of holy word
 E - a scroll of amnesia
 N - 2 scrolls of fog
Potions
 a - 2 potions of flight
 d - 2 potions of might
 g - 3 potions of agility
 h - a potion of haste
 k - 7 potions of curing
 l - 9 potions of degeneration
 o - a potion of resistance
 q - 5 potions of lignification
 x - a potion of brilliance
 A - 2 potions of ambrosia
 O - 2 potions of magic
Books
 b - a book of Minor Magic

   Spells                             Type                      Level
   a - Magic Dart                     Conjuration                  1
   b - Blink                          Translocation                2
   c - Call Imp                       Summoning                    2
   d - Slow                           Hexes                        2
   e - Conjure Flame                  Conjuration/Fire             3
   f - Mephitic Cloud                 Conjuration/Poison/Air       3
 p - a book of Changes

   Spells                             Type                      Level
   a - Beastly Appendage              Transmutation                1
   b - Sticks to Snakes               Transmutation                2
   c - Spider Form                    Transmutation/Poison         3
   d - Ice Form                       Ice/Transmutation            4
   e - Blade Hands                    Transmutation                5
 I - a book of Enchantments

   Spells                             Type                      Level
   a - Cause Fear                     Hexes                        4
   b - Yara's Violent Unravelling     Hexes/Transmutation          5
   c - Silence                        Hexes/Air                    5
   d - Deflect Missiles               Charms/Air                   6
   e - Discord                        Hexes                        8
Miscellaneous
 K - a phial of floods (inert)
Comestibles
 f - 10 rations


   Skills:
 + Level 7.4 Fighting
 + Level 14.6 Axes
 + Level 9.0 Armour
 + Level 8.1 Dodging
   Level 3.2 Shields
 * Level 10.5 Invocations


You had 11 spell levels left.
You didn't know any spells.

Dungeon Overview and Level Annotations

Branches:
Dungeon (12/15)            Temple (1/1) D:4            Lair (0/6) D:10
    Orc (0/2) D:9

Altars:
Ashenzari
Cheibriados
Dithmenos
Elyvilon
Fedhas
Gozag
Hepliaklqana
Kikubaaqudgha
Makhleb
Nemelex Xobeh
Okawaru
Qazlal
Ru
Sif Muna
Trog
Uskayaw
Vehumet
Wu Jian
Xom
Yredelemnul
Zin
The Shining One


Innate Abilities, Weirdness & Mutations

You are resistant to damage.
You can heal yourself by infusing magical energy.
You passively map the area around you.
You do not regenerate.


Message History

The ice dragon claws you but does no damage.
The ice dragon barely misses you. The sphinx hits you but does no damage.
The sphinx hits you.
* * * LOW HITPOINT WARNING * * *
The sphinx hits you but does no damage.
Unknown command.
Okay, then.
Your magical essence is drained by the effort!
You feel much better.
The ice dragon bites you but does no damage.
The ice dragon claws you but does no damage.
The ice dragon completely misses you. The sphinx hits you!
The sphinx hits you but does no damage. The sphinx barely misses you.
The fire crab bites you but does no damage.
The fire crab barely misses you.
A demon appears!
The sphinx hits you but does no damage. The sphinx hits you.
The sphinx hits you but does no damage. The ice dragon breathes frost at you.
The blast of cold hits you!
You die...

#..###c## h.. ,,,
#....#J#kh.+** * *
#....(†.J#, , , + ,, *
####.###.##,, , , , ,
#.....# ##... ,,, , *
####.<...# .+...
,#####..2.....##.##... ,
+.....##Ht..(...##... , ,
,########@D.(.#####... , *
###)### ... ###..# * #'####
#...## #..J.. ###.#######
###### #######..÷......#
#.... *
#......††.....p.#######..J.
.#####<†p............#....
, #.........#####.'....


You could see an ice dragon, a sphinx, a fire crab shaped shifter and a friendly
green death.

Vanquished Creatures
  Kirke (D:12)
  A centaur warrior (D:12)
  2 two-headed ogres
  The ghost of Kejsarherre the Cleaver, a novice DDFi of Makhleb (D:9)
  A wizard (D:9)
  2 ugly things
  2 orc sorcerers (D:9)
  A gargoyle (D:11)
  An efreet (D:12)
  2 trolls
  Grinder (D:6)
  3 hippogriffs
  9 slime creatures
  A wraith (D:11)
  A shadow (D:11)
  A wyvern (D:10)
  15 yaks
  3 hogs (D:12)
  3 hungry ghosts
  Edmund (D:6)
  An acid dragon (D:12)
  A water moccasin (D:6)
  An orc warrior (D:6)
  A black bear (D:11)
  2 sky beasts
  An ice beast (D:8)
  4 ogres
  5 phantoms
  2 necrophages
  7 centaurs
  A big kobold (D:8)
  6 bullfrogs
  A water moccasin zombie (Ossuary)
  2 wyvern zombies
  6 scorpions
  2 troll zombies (D:9)
  6 killer bees (D:9)
  6 wights (D:7)
  5 howler monkeys
  6 electric eels (D:7)
  6 centaur zombies
  5 crimson imps
  7 hounds
  10 bullfrog zombies
  2 jellies
  3 centaur skeletons (D:8)
  3 bullfrog skeletons
  3 orc priests
  3 orc wizards
  8 worker ants
  3 ogre zombies (D:9)
  3 hound zombies
  9 mummies (Ossuary)
  A howler monkey zombie (Ossuary)
  A howler monkey skeleton (D:4)
  15 adders
  2 shadow imps
  2 oozes (D:3)
  3 adder zombies
  An adder skeleton (D:4)
  3 worms
  3 dart slugs
  4 leopard geckos
  31 orcs
  7 giant cockroaches
  6 goblins
  15 hobgoblins
  7 jackals (D:1)
  8 kobolds
  7 quokkas
  A ball python (D:5)
  6 bats
  3 frilled lizards
  2 giant cockroach zombies (Ossuary)
  A goblin skeleton (D:9)
  A goblin zombie (D:9)
  2 hobgoblin skeletons (D:9)
  2 hobgoblin zombies (D:9)
  2 orc skeletons (D:9)
  10 orc zombies (D:9)
  3 quokka zombies (Ossuary)
  5 rats
  A plant (D:7)
338 creatures vanquished.

Vanquished Creatures (others)
  A human (D:12)
  A plant (D:7)
2 creatures vanquished.

Grand Total: 340 creatures vanquished

Notes
Turn   | Place    | Note
-------+----------+-------------------------------------------
     0 | D:1      | Kejsarherre the Deep Dwarf Fighter began the quest for the Orb.
     0 | D:1      | Reached XP level 1. HP: 20/20 MP: 1/1
   129 | D:1      | Reached XP level 2. HP: 20/27 MP: 2/2
   136 | D:1      | Reached skill level 1 in Dodging
   584 | D:1      | Reached XP level 3. HP: 32/34 MP: 3/3
  1040 | D:2      | Found a sparkling altar of Nemelex Xobeh.
  1040 | D:2      | Found a glowing silver altar of Zin.
  1330 | D:3      | Reached skill level 3 in Axes
  1387 | D:3      | Reached XP level 4. HP: 37/42 MP: 4/4
  1419 | D:3      | Found a shimmering altar of Xom.
  1419 | D:3      | Found a shimmering altar of Xom.
  1419 | D:3      | Found a shimmering altar of Xom.
  1426 | D:3      | Found a shimmering altar of Xom.
  1426 | D:3      | Found a shimmering altar of Xom.
  1516 | D:3      | Reached XP level 5. HP: 36/49 MP: 5/5
  2392 | D:4      | Reached skill level 4 in Axes
  2392 | D:4      | Reached XP level 6. HP: 45/57 MP: 6/6
  2708 | D:4      | Reached skill level 5 in Armour
  2870 | D:4      | Reached XP level 7. HP: 24/66 MP: 6/6
  3008 | D:4      | Found a staircase to the Ecumenical Temple.
  3023 | Temple   | Entered the Ecumenical Temple
  3231 | Temple   | Became a worshipper of Makhleb the Destroyer
  3343 | D:5      | Entered Level 5 of the Dungeon
  3567 | D:5      | Found a burning altar of Makhleb.
  3579 | D:5      | Reached skill level 5 in Axes
  3754 | D:5      | Reached skill level 6 in Axes
  4180 | D:6      | Reached * piety under Makhleb
  4248 | D:6      | Found a sand-covered staircase.
  4292 | Ossuary  | Entered an ossuary
  4310 | Ossuary  | Reached XP level 8. HP: 51/73 MP: 6/6
  4333 | Ossuary  | Reached skill level 7 in Axes
  4377 | Ossuary  | Reached skill level 8 in Axes
  4457 | Ossuary  | Reached ** piety under Makhleb
  4464 | Ossuary  | Reached skill level 9 in Axes
  4609 | D:6      | Identified a scroll of acquirement
  4676 | D:6      | Found an ancient bone altar of Kikubaaqudgha.
  4735 | D:6      | Noticed Grinder
  4741 | D:6      | Reached skill level 10 in Axes
  4759 | D:6      | Killed Grinder
  4759 | D:6      | Gained mutation: You passively map the area around you. [Deep Dwarf growth]
  4759 | D:6      | Reached XP level 9. HP: 44/79 MP: 7/7
  4784 | D:6      | Noticed Edmund
  4803 | D:6      | Killed Edmund
  4803 | D:6      | Reached skill level 11 in Axes
  5249 | D:7      | Reached skill level 12 in Axes
  5324 | D:7      | Reached *** piety under Makhleb
  5552 | D:7      | Reached skill level 13 in Axes
  5675 | D:7      | Reached XP level 10. HP: 21/87 MP: 5/5
  6050 | D:7      | Found a white marble altar of Elyvilon.
  6050 | D:7      | Found a shattered altar of Ashenzari.
  6182 | D:8      | Reached skill level 5 in Fighting
  6182 | D:8      | Reached skill level 5 in Dodging
  6187 | D:8      | Got a faintly glowing chain mail
  6198 | D:8      | Identified the cursed +0 chain mail of Happiness {rPois rCorr Slay-6} (You found it on level 8 of the Dungeon)
  6409 | D:8      | Reached **** piety under Makhleb
  6531 | D:8      | Reached skill level 1 in Invocations
  6772 | D:9      | Noticed Kejsarherre's ghost (novice DDFi)
  6785 | D:9      | Noticed a two-headed ogre
  6835 | D:8      | Killed a two-headed ogre
  6861 | D:9      | Killed Kejsarherre's ghost
  6930 | D:9      | Reached skill level 5 in Invocations
  7021 | D:9      | Found a staircase to the Orcish Mines.
  7090 | D:9      | Noticed an orc sorcerer
  7095 | D:9      | Noticed a smoke demon
  7103 | D:9      | Killed an orc sorcerer
  7103 | D:9      | Reached ***** piety under Makhleb
  7103 | D:9      | Reached XP level 11. HP: 89/97 MP: 8/10
  7152 | D:9      | Noticed an orc sorcerer
  7164 | D:9      | Killed an orc sorcerer
  7537 | D:9      | Noticed a wizard
  7539 | D:9      | Killed a wizard
  7539 | D:9      | Reached skill level 14 in Axes
  7644 | D:10     | Entered Level 10 of the Dungeon
  7653 | D:10     | Found a staircase to the Lair.
  7790 | D:10     | Noticed a two-headed ogre
  7802 | D:10     | Killed a two-headed ogre
  8304 | D:11     | Found a hide-covered altar of Uskayaw.
  9294 | D:12     | Noticed a brown ugly thing
  9311 | D:11     | Killed a brown ugly thing
  9326 | D:12     | Noticed a purple ugly thing
  9349 | D:12     | Killed a purple ugly thing
  9349 | D:12     | Reached XP level 12. HP: 49/109 MP: 12/14
  9460 | D:12     | Found the +0 Maxwell's etheric cage {RegenMP+ *Contam rElec MP+4}
  9472 | D:12     | Noticed a centaur warrior
  9474 | D:12     | Noticed Kirke
  9479 | D:12     | Noticed an ice dragon
  9484 | D:12     | Noticed a sphinx
  9485 | D:12     | Noticed a sphinx
  9557 | D:12     | Killed Kirke
  9557 | D:12     | Reached skill level 10 in Invocations
  9602 | D:12     | Killed a centaur warrior
  9612 | D:12     | HP: 5/109 [ice dragon/blast of cold (24)]
  9615 | D:12     | Killed from afar by an ice dragon

Skill      XL: |  1  2  3  4  5  6  7  8  9 10 11 12 |
---------------+-------------------------------------+-----
Dodging        | 1 2 3 4 6 7 8 |  8.1
Fighting       | 3 4 5 7 |  7.4
Axes           | 3 4 6 10 13 14 | 14.6
Armour         | 4 5 7 8 9 |  9.0
Invocations    | 5 9 10 | 10.5
Shields        | |  3.2

Action                   |  1- 3 |  4- 6 |  7- 9 | 10-12 || total
-------------------------+-------+-------+-------+-------++-------
Melee: War axe           |   119 |   190 |   434 |       ||   743
       Battleaxe         |       |       |    52 |   629 ||   681
Invok: Minor Destruction |       |       |       |     8 ||     8
       Lesser Servant of |       |       |       |     3 ||     3
       Greater Servant o |       |       |       |     1 ||     1
 Abil: Heal Wounds       |     1 |     4 |    17 |    14 ||    36
Evoke: Wand              |       |       |     7 |     7 ||    14
       Phial of floods   |       |       |       |     1 ||     1
  Use: Scroll            |       |       |    21 |     9 ||    30
       Potion            |       |       |       |     3 ||     3
  Eat: Chunk             |     2 |     2 |     5 |    10 ||    19
       Ration            |       |     1 |     1 |    10 ||    12
Armor: Scale mail        |    79 |   104 |   174 |       ||   357
       Plate armour      |       |       |     1 |   449 ||   450
Dodge: Dodged            |   105 |   120 |   324 |   369 ||   918
